[Event "ICC tourney 2940 (30 10)"]
[Site "Internet Chess Club"]
[Date "2022.06.18"]
[Round "4"]
[White "OPASKA, MICHAEL:mopaska1106"]
[Black "SCHENK, SAM:SupaHotFiya"]
[Result "1/2-1/2"]
[ICCResult "Game drawn by mutual agreement"]
[WhiteElo "1755"]
[BlackElo "1906"]
[Opening "Robatsch (modern) defense"]
[ECO "A40"]
[NIC "KF.05"]
[Time "18:00:14"]
[PlyCount "76"]
[TimeControl "1800+10"]

1. d4 g6 2. e4 Bg7 3. Be3 d6 4. Nc3 a6 5. Qd2 b5 6. O-O-O Nd7 7. f4 Bb7 8.
Bd3 Rc8 9. Kb1 c5 10. d5 b4 11. Na4 c4 12. Be2 c3 13. Qd3 cxb2 14. Nf3 Qa5
15. Qb3 Ngf6 16. Bd4 O-O 17. Bd3 Nc5 18. Nxc5 dxc5 19. Bxf6 Bxf6 20. Bc4 Bc3
21. Ng1 Rb8 22. Ne2 Ba8 23. Rd3 e5 24. g4 exf4 25. Nxf4 Be5 26. Rf1 Qc7 27.
Rdf3 Qd6 28. h4 Bb7 29. Nd3 Bg7 30. g5 a5 31. e5 Bxe5 32. Nxe5 Qxe5 33. Rxf7
Rxf7 34. d6 Qxd6 35. Rxf7 Qd1+ 36. Kxb2 Qd4+ 37. Kb1 Qd1+ 38. Kb2 Qd4+
{Game drawn by mutual agreement}
1/2-1/2

[Event "ICC tourney 2940 (30 10)"]
[Site "Internet Chess Club"]
[Date "2022.06.18"]
[Round "4"]
[White "LOCHAM, DIVJOT SINGH:winner08"]
[Black "SARAFUDINOV, ANDREY:whyyoutrysohard"]
[Result "0-1"]
[ICCResult "White resigns"]
[WhiteElo "1750"]
[BlackElo "1569"]
[Opening "Sicilian: Canal-Sokolsky attack, 3...Bd7"]
[ECO "B52"]
[NIC "SI.01"]
[Time "18:00:34"]
[PlyCount "86"]
[TimeControl "1800+10"]

1. e4 c5 2. Nf3 d6 3. Bb5+ Bd7 4. Bxd7+ Nxd7 5. O-O Ngf6 6. Re1 g6 7. c3 e5
8. d4 Bg7 9. h3 O-O 10. Bg5 h6 11. Bh4 Qb6 12. dxe5 dxe5 13. Qc2 Qe6 14.
Nbd2 c4 15. Qa4 Nb6 16. Qc2 Nbd7 17. b3 cxb3 18. axb3 b5 19. c4 Rfc8 20.
Rac1 Rc7 21. Bg3 Rac8 22. Qb2 Nc5 23. Re3 Nh5 24. Rcc3 Nxg3 25. fxg3 bxc4
26. Nxc4 Nxb3 27. Qxb3 Rxc4 28. Kh2 a5 29. Rxc4 Qxc4 30. Qa3 a4 31. Nd2 Qc5
32. Qxc5 Rxc5 33. Ra3 Ra5 34. Nc4 Ra6 35. Nb2 f5 36. exf5 gxf5 37. Rxa4 Rg6
38. Nd3 e4 39. Nf4 Rf6 40. Ra8+ Rf8 41. Ra7 Re8 42. Kg1 Bd4+ 43. Kf1 Bxa7
{White resigns}
0-1

[Event "ICC tourney 2940 (30 10)"]
[Site "Internet Chess Club"]
[Date "2022.06.18"]
[Round "4"]
[White "S.M, UMER:uncrackable"]
[Black "BORGE, RONALD:LOCHAR"]
[Result "1-0"]
[ICCResult "Black checkmated"]
[WhiteElo "1800"]
[BlackElo "1594"]
[Opening "Queen's Pawn"]
[ECO "A41"]
[NIC "OI.02"]
[Time "18:00:14"]
[PlyCount "151"]
[TimeControl "1800+10"]

1. d4 d6 2. Nf3 Nf6 3. g3 Nbd7 4. c4 e5 5. Nc3 Be7 6. Bg2 O-O 7. O-O c6 8.
Qc2 Qc7 9. Rd1 Re8 10. b3 Bf8 11. h3 a5 12. e4 Rb8 13. c5 b5 14. cxd6 Bxd6
15. Bb2 exd4 16. Nxd4 b4 17. Na4 c5 18. Nf5 Be5 19. Rac1 Bb7 20. Bxe5 Rxe5
21. Nd6 Ba8 22. f4 Re6 23. e5 Nxe5 24. fxe5 Rxe5 25. Bxa8 Rxa8 26. Qf2 h6
27. Rxc5 Rxc5 28. Qxc5 Qe7 29. Nb6 Rd8 30. Nbc4 Qe2 31. Rd2 Qe1+ 32. Kg2 Ne4
33. Nxe4 Qxe4+ 34. Kf2 Rxd2+ 35. Nxd2 Qe6 36. Qxa5 Qxh3 37. Nf3 Qg4 38. Qd8+
Kh7 39. Qd4 Qe6 40. Qxb4 Qc8 41. Qc4 Qb7 42. b4 Qa7+ 43. Kg2 Qa3 44. Qb3 Qc1
45. b5 Qc8 46. b6 Qb7 47. Qc2+ g6 48. Qc7 Qa6 49. Qxf7+ Kh8 50. Qf6+ Kh7 51.
Qb2 Qb7 52. a4 h5 53. a5 g5 54. Qc2+ Kh6 55. Qc7 Qe4 56. Qd6+ Kh7 57. Qc7+
Kg6 58. Qd6+ Kh7 59. Kf2 Qc2+ 60. Qd2 Qc5+ 61. Qe3 Qxa5 62. Nxg5+ Kg6 63.
Nf3 Qa2+ 64. Nd2 Qf7+ 65. Qf3 Qa2 66. Qd3+ Kg5 67. Kf3 Qf7+ 68. Ke2 Kg4 69.
Qf3+ Qxf3+ 70. Nxf3 Kxg3 71. b7 h4 72. b8=Q+ Kh3 73. Qh2+ Kg4 74. Qxh4+ Kf5
75. Qg5+ Ke4 76. Qe5# {Black checkmated} 1-0

[Event "ICC tourney 2940 (30 10)"]
[Site "Internet Chess Club"]
[Date "2022.06.18"]
[Round "4"]
[White "TAO, SIHAN:K06-16931716"]
[Black "NESAMANI, VIGNESHWARAN:MARMAYOGI11"]
[Result "0-1"]
[ICCResult "White resigns"]
[WhiteElo "1894"]
[BlackElo "1968"]
[Opening "Scotch: Mieses variation"]
[ECO "C45"]
[NIC "SO.04"]
[Time "18:01:18"]
[PlyCount "150"]
[TimeControl "1800+10"]

1. e4 e5 2. Nf3 Nc6 3. d4 exd4 4. Nxd4 Nf6 5. Nxc6 bxc6 6. e5 Qe7 7. Qe2 Nd5
8. h4 h6 9. c4 Qb4+ 10. Qd2 Nb6 11. Qxb4 Bxb4+ 12. Bd2 a5 13. a3 Bxd2+ 14.
Nxd2 O-O 15. O-O-O d5 16. exd6 cxd6 17. g3 Bg4 18. Re1 Be6 19. Bd3 d5 20.
cxd5 cxd5 21. Kb1 Rab8 22. Bc2 Rfc8 23. Rc1 Rb7 24. Rhe1 Rcb8 25. Ka1 Nc4
26. Nxc4 dxc4 27. Rb1 Rb5 28. Re3 g5 29. hxg5 hxg5 30. f4 Kg7 31. Ba4 Rc5
32. Rbe1 gxf4 33. gxf4 Rh8 34. Bc2 Kf6 35. Re5 Rh5 36. Rxh5 Rxh5 37. Kb1 Rh4
38. Rf1 Bf5 39. Kc1 Rh2 40. Bd1 Be4 41. Rg1 Rf2 42. Rg5 Bf5 43. Rg8 Rf1 44.
Kd2 Rxf4 45. Ra8 Rd4+ 46. Ke1 Rd5 47. Ra6+ Be6 48. Be2 Rc5 49. Bg4 Ke5 50.
Bxe6 fxe6 51. Kd2 Rb5 52. Kc3 Kd5 53. Ra8 Rb3+ 54. Kc2 Rh3 55. Rxa5+ Kd4 56.
Ra8 Rh2+ 57. Kc1 e5 58. a4 e4 59. Rd8+ Ke3 60. Rd1 Kf3 61. a5 e3 62. Rd8 Rh5
63. Rf8+ Ke2 64. a6 Ra5 65. Rf6 Ke1 66. Kc2 e2 67. Kc3 Ra4 68. a7 Rxa7 69.
Kxc4 Rc7+ 70. Kd4 Kd2 71. Rf2 Rb7 72. Rxe2+ Kxe2 73. Kc3 Ke3 74. b4 Rc7+ 75.
Kb3 Kd4 {White resigns} 0-1

[Event "ICC tourney 2940 (30 10)"]
[Site "Internet Chess Club"]
[Date "2022.06.18"]
[Round "5"]
[White "TANG, VINCENT:VincentT2008"]
[Black "SARAFUDINOV, ANDREY:whyyoutrysohard"]
[Result "1-0"]
[ICCResult "Black resigns"]
[WhiteElo "1707"]
[BlackElo "1569"]
[Opening "Queen's gambit accepted"]
[ECO "D20"]
[NIC "QG.03"]
[Time "20:00:24"]
[PlyCount "27"]
[TimeControl "1800+10"]

1. d4 d5 2. c4 dxc4 3. e3 e5 4. Bxc4 exd4 5. exd4 Nf6 6. Nc3 Bb4 7. a3 Be7
8. h3 O-O 9. Nf3 Nbd7 10. O-O Nb6 11. Bb3 Nbd5 12. Re1 h6 13. Nxd5 Nxd5 14.
Bxd5 {Black resigns} 1-0

[Event "ICC tourney 2940 (30 10)"]
[Site "Internet Chess Club"]
[Date "2022.06.18"]
[Round "5"]
[White "West, Darryl L:Westman"]
[Black "Mishra, Abhinav:acm9000"]
[Result "0-1"]
[ICCResult "White resigns"]
[WhiteElo "1574"]
[BlackElo "1208"]
[Opening "QGD semi-Slav"]
[ECO "D43"]
[NIC "SL.03"]
[Time "20:00:17"]
[PlyCount "58"]
[TimeControl "1800+10"]

1. d4 d5 2. c4 c6 3. Nf3 Nf6 4. Nc3 e6 5. Bg5 h6 6. Bh4 Nbd7 7. Rc1 Bd6 8.
e3 O-O 9. Bd3 b6 10. O-O Bb7 11. cxd5 cxd5 12. Nb5 Be7 13. Rc7 Rb8 14. Bg3
a6 15. Na3 Nh5 16. Qc2 Nxg3 17. hxg3 Bd6 18. Rc3 b5 19. Nb1 e5 20. Nxe5 Nxe5
21. dxe5 Bxe5 22. Rb3 d4 23. e4 Rc8 24. Qe2 f5 25. f3 Bxg3 26. exf5 Qh4 27.
Qe6+ Kh8 28. Rd1 Qh2+ 29. Kf1 Bxf3 {White resigns} 0-1

[Event "ICC tourney 2940 (30 10)"]
[Site "Internet Chess Club"]
[Date "2022.06.18"]
[Round "5"]
[White "LOCHAM, DIVJOT SINGH:winner08"]
[Black "RAMKUMAR, NIKHIL:nikhilramkumar"]
[Result "1-0"]
[ICCResult "Black resigns"]
[WhiteElo "1750"]
[BlackElo "1245"]
[Opening "Caro-Kann: Steinitz variation"]
[ECO "B17"]
[NIC "CK.08"]
[Time "20:00:37"]
[PlyCount "57"]
[TimeControl "1800+10"]

1. e4 c6 2. d4 d5 3. Nc3 dxe4 4. Nxe4 Nd7 5. Nf3 Ngf6 6. Nxf6+ Nxf6 7. c3
Bg4 8. Be2 e6 9. h3 Bxf3 10. Bxf3 Bd6 11. Bg5 h6 12. Bd2 Qc7 13. Qc2 O-O-O
14. g3 Nd5 15. O-O-O Rhe8 16. Qa4 Kb8 17. Qb3 Re7 18. c4 Nf6 19. c5 Bxg3 20.
fxg3 Nd5 21. Bxd5 cxd5 22. Bf4 e5 23. Bxe5 Rxe5 24. dxe5 Qxe5 25. Rhe1 Qg5+
26. Qe3 Qg6 27. Qe5+ Ka8 28. Rxd5 Rxd5 29. Qe8+ {Black resigns} 1-0

[Event "ICC tourney 2940 (30 10)"]
[Site "Internet Chess Club"]
[Date "2022.06.18"]
[Round "5"]
[White "S.M, UMER:uncrackable"]
[Black "BARANWAL, SUVAN:suvanba"]
[Result "1-0"]
[ICCResult "Black checkmated"]
[WhiteElo "1800"]
[BlackElo "1395"]
[Opening "QGD: Tarrasch defense"]
[ECO "D32"]
[NIC "TD.11"]
[Time "20:01:22"]
[PlyCount "47"]
[TimeControl "1800+10"]

1. d4 d5 2. Nf3 c5 3. c4 e6 4. cxd5 exd5 5. Nc3 Nf6 6. Bf4 Nc6 7. e3 a6 8.
dxc5 Bxc5 9. Qc2 O-O 10. Rd1 h6 11. Be2 Bb4 12. O-O Bxc3 13. Qxc3 Be6 14.
Nd4 Ne4 15. Qa3 Nxd4 16. Rxd4 Re8 17. Rfd1 Qf6 18. Bf3 Red8 19. Qa5 Bf5 20.
Rxd5 Rxd5 21. Qxd5 Qxb2 22. Bxe4 Be6 23. Qd8+ Rxd8 24. Rxd8# {Black
checkmated} 1-0

[Event "ICC tourney 2940 (30 10)"]
[Site "Internet Chess Club"]
[Date "2022.06.18"]
[Round "5"]
[White "YUAN, SERENA:doudou2011"]
[Black "Doan Giang, Nguyen Doan:Doctorstrange04"]
[Result "0-1"]
[ICCResult "White checkmated"]
[WhiteElo "1641"]
[BlackElo "1750"]
[Opening "Old Benoni defense"]
[ECO "A46"]
[NIC "QP.06"]
[Time "20:01:28"]
[PlyCount "78"]
[TimeControl "1800+10"]

1. d4 Nf6 2. Nf3 c5 3. d5 d6 4. Nc3 g6 5. e4 Bg7 6. Bb5+ Bd7 7. a4 O-O 8. h3
Na6 9. O-O Nc7 10. Bxd7 Nxd7 11. Bd2 Rb8 12. Qe2 b6 13. Rab1 a6 14. Na2 b5
15. axb5 axb5 16. b4 c4 17. Bc3 Nf6 18. Nd4 Qd7 19. Nc6 Ra8 20. Nc1 Rfe8 21.
Qf3 e5 22. Bd2 h6 23. Bxh6 Nh5 24. Bg5 f6 25. Bd2 Ne6 26. Ne2 Ng5 27. Bxg5
fxg5 28. Ra1 Nf4 29. Qe3 Rf8 30. Nc3 g4 31. h4 Bh6 32. Qb6 Rxa1 33. Rxa1 Qf7
34. Ra7 Qf6 35. Ne7+ Kh8 36. Nd1 Qxh4 37. Qxd6 Ne2+ 38. Kf1 Ng3+ 39. Ke1
Qh1# {White checkmated} 0-1

[Event "ICC tourney 2940 (30 10)"]
[Site "Internet Chess Club"]
[Date "2022.06.18"]
[Round "5"]
[White "OPASKA, MICHAEL:mopaska1106"]
[Black "MARKOVIC, GORAN:Goran21"]
[Result "1-0"]
[ICCResult "Black resigns"]
[WhiteElo "1755"]
[BlackElo "1805"]
[Opening "King's Indian: Four pawns attack"]
[ECO "A68"]
[NIC "BI.30"]
[Time "20:00:16"]
[PlyCount "95"]
[TimeControl "1800+10"]

1. d4 Nf6 2. c4 g6 3. Nc3 Bg7 4. e4 d6 5. f4 O-O 6. Nf3 c5 7. d5 e6 8. Be2
exd5 9. cxd5 Bg4 10. O-O Bxf3 11. Bxf3 Nbd7 12. Qc2 a6 13. a4 Rc8 14. Be3
Re8 15. Rae1 Qa5 16. Bf2 c4 17. Bg3 Nc5 18. e5 dxe5 19. fxe5 Nfd7 20. e6
fxe6 21. dxe6 Nb6 22. e7 Nd3 23. Re2 Qc5+ 24. Kh1 Rxe7 25. Ne4 Qd4 26. Nd6
Rcc7 27. a5 Nd5 28. Rxe7 Rxe7 29. Qxc4 Qxc4 30. Nxc4 N5f4 31. b3 g5 32. Nd6
h5 33. Nf5 Re5 34. Nxg7 Kxg7 35. Bxb7 Rxa5 36. h4 Ne2 37. Bc7 Ra2 38. hxg5
h4 39. Be4 Nec1 40. g6 Kh6 41. Kh2 Re2 42. Bf5 Kg7 43. Bb6 Kh6 44. Bd4 Re8
45. g7 Ne2 46. Bxd3 Nxd4 47. Rf8 Re3 48. g8=Q {Black resigns} 1-0

[Event "ICC tourney 2940 (30 10)"]
[Site "Internet Chess Club"]
[Date "2022.06.18"]
[Round "5"]
[White "LU, JOSHUA:qingjoshua"]
[Black "TAO, SIHAN:K06-16931716"]
[Result "0-1"]
[ICCResult "White resigns"]
[WhiteElo "1880"]
[BlackElo "1894"]
[Opening "English, Kramnik-Shirov counterattack"]
[ECO "A21"]
[NIC "EO.23"]
[Time "20:00:29"]
[PlyCount "104"]
[TimeControl "1800+10"]

1. c4 e5 2. Nc3 Bb4 3. Nd5 a5 4. e3 Ne7 5. Nxe7 Qxe7 6. Ne2 O-O 7. g3 d6 8.
Bg2 Nc6 9. O-O f5 10. a3 Bc5 11. d4 Bb6 12. d5 Nd8 13. Kh1 h5 14. f4 e4 15.
h4 Nf7 16. Bd2 Nh6 17. Bh3 Ng4 18. Bxg4 hxg4 19. b4 Bd7 20. Qb3 axb4 21.
axb4 Kh7 22. Kg2 Rfe8 23. Kf2 Qf8 24. Bc3 Rxa1 25. Rxa1 Ra8 26. Ra3 Qb8 27.
Qb2 Rxa3 28. Qxa3 Kh6 29. Qa1 g6 30. Bg7+ Kh7 31. Qf6 Qg8 32. Bf8 Be8 33. c5
dxc5 34. bxc5 Ba5 35. d6 cxd6 36. Bxd6 Qf7 37. Qe5 Bb5 38. Nc1 Bd8 39. Qb2
Qc4 40. Qe2 Qxe2+ 41. Nxe2 Bxe2 42. Kxe2 Kg8 43. Kd1 Kf7 44. Be5 Ke6 45. Bd4
Kd5 46. Ke2 Be7 47. Bg7 Kxc5 48. Bb2 Kc4 49. Kd2 b5 50. Kc2 Bb4 51. Kd1 Kd3
52. Bd4 Bd2 {White resigns} 0-1

[Event "ICC tourney 2940 (30 10)"]
[Site "Internet Chess Club"]
[Date "2022.06.18"]
[Round "5"]
[White "NESAMANI, VIGNESHWARAN:MARMAYOGI11"]
[Black "SHAWKAT, SAIF:saif-shawkat"]
[Result "1-0"]
[ICCResult "Black resigns"]
[WhiteElo "1968"]
[BlackElo "1889"]
[Opening "Queen's bishop game"]
[ECO "D02"]
[NIC "QP.06"]
[Time "20:00:26"]
[PlyCount "97"]
[TimeControl "1800+10"]

1. d4 Nf6 2. Nf3 d5 3. Bf4 c5 4. e3 Nc6 5. c3 Qb6 6. b3 cxd4 7. exd4 Bf5 8.
Bd3 Bxd3 9. Qxd3 e6 10. O-O Be7 11. Nbd2 O-O 12. a4 a5 13. h3 Rac8 14. Rfc1
Rfd8 15. Qb5 Qa6 16. Be3 Na7 17. Qxa6 bxa6 18. Ne5 Nc6 19. f4 Ne8 20. Kf2
Nd6 21. Ke2 Rc7 22. g4 Rdc8 23. Nd3 Nb7 24. Nf3 Nb8 25. Bd2 Nd7 26. Nfe5 Nf6
27. c4 dxc4 28. bxc4 Ne4 29. c5 Nxd2 30. Kxd2 f6 31. Nf3 Nd8 32. Rab1 Nc6
33. Re1 Kf7 34. f5 exf5 35. d5 fxg4 36. hxg4 Nb4 37. Nxb4 Rxc5 38. Nd3 Rxd5
39. Rb7 Re8 40. Re4 Kf8 41. Ke2 h5 42. Nf4 Rd6 43. Ng6+ Kf7 44. Nxe7 Re6 45.
Nf5+ Kf8 46. Rxe6 Rxe6+ 47. Kf2 hxg4 48. N3h4 Re4 49. Ng6+ {Black resigns}
1-0

[Event "ICC tourney 2940 (30 10)"]
[Site "Internet Chess Club"]
[Date "2022.06.18"]
[Round "5"]
[White "SCHENK, SAM:SupaHotFiya"]
[Black "WILLY, STEPHEN:stephenwilly"]
[Result "1-0"]
[ICCResult "Black checkmated"]
[WhiteElo "1906"]
[BlackElo "1897"]
[Opening "Four knights: Gunsberg variation"]
[ECO "C47"]
[NIC "KP.06"]
[Time "20:00:13"]
[PlyCount "151"]
[TimeControl "1800+10"]

1. e4 e5 2. Nc3 Nc6 3. Nf3 Nf6 4. a3 d5 5. exd5 Nxd5 6. Nxe5 Nxc3 7. Nxc6
Nxd1 8. Nxd8 Nxf2 9. Kxf2 Bc5+ 10. Kf3 Kxd8 11. c3 Be6 12. d4 Bd6 13. Bf4
Kd7 14. Bxd6 Kxd6 15. Bd3 c5 16. dxc5+ Kxc5 17. b4+ Kc6 18. c4 h5 19. c5
Rad8 20. Be4+ Kc7 21. h3 f5 22. Bc2 Rd2 23. Ba4 Bd5+ 24. Kf4 Rxg2 25. Rhg1
Rf2+ 26. Ke5 Bg2 27. Rad1 g5 28. Rd7+ Kc8 29. Rgd1 Rf8 30. c6 Re2+ 31. Kd6
Bxc6 32. Bxc6 Rf6+ 33. Kc5 Rxc6+ 34. Kb5 Rb6+ 35. Ka4 Rc6 36. b5 Rce6 37.
Rf7 R2e3 38. Rc1+ Kd8 39. Kb4 R3e4+ 40. Kc5 a6 41. Rd1+ Ke8 42. Rxb7 R6e5+
43. Kd6 Rxb5 44. Rh7 h4 45. Rc1 Rb6+ 46. Kc7 Rf6 47. Kb8 Rb6+ 48. Ka7 Rd6
49. Rc8+ Rd8 50. Rh8+ Kf7 51. Rcxd8 Re3 52. Rdf8+ Kg6 53. Rhg8+ Kh6 54. Rf6+
Kh7 55. Rxg5 Rxh3 56. Rxa6 f4 57. Ra4 Kh6 58. Rg4 Kh5 59. Rgxf4 Rh1 60.
Rxh4+ Rxh4 61. Rxh4+ Kxh4 62. a4 Kg5 63. a5 Kf6 64. a6 Ke7 65. Kb7 Kd6 66.
a7 Kd7 67. a8=Q Ke6 68. Qd8 Kf7 69. Qd6 Kg7 70. Qe6 Kh8 71. Qe7 Kg8 72. Kc6
Kh8 73. Kd6 Kg8 74. Ke6 Kh8 75. Kf6 Kg8 76. Qg7# {Black checkmated} 1-0

[Event "ICC tourney 2940 (30 10)"]
[Site "Internet Chess Club"]
[Date "2022.06.18"]
[Round "5"]
[White "BORGE, RONALD:LOCHAR"]
[Black "GEVORGYAN, DAVIT:Davo29"]
[Result "1/2-1/2"]
[ICCResult "Game drawn by repetition"]
[WhiteElo "1594"]
[BlackElo "1715"]
[Opening "QGD semi-Slav: Stoltz variation"]
[ECO "A11"]
[NIC "EO.64"]
[Time "20:01:22"]
[PlyCount "105"]
[TimeControl "1800+10"]

1. c4 c6 2. Nc3 d5 3. e3 Nf6 4. d4 e6 5. Qc2 Nbd7 6. Nf3 Bd6 7. b3 O-O 8.
Bd3 Re8 9. O-O Qe7 10. Bb2 e5 11. dxe5 Nxe5 12. Nxe5 Qxe5 13. g3 dxc4 14.
bxc4 Qh5 15. h4 Bh3 16. Be2 Qa5 17. Rfd1 Qc7 18. Bf3 Rad8 19. Ne2 Be5 20.
Bxe5 Qxe5 21. Qc3 Qxc3 22. Nxc3 Kf8 23. Rab1 Rxd1+ 24. Rxd1 Bg4 25. Kg2 Ke7
26. Rb1 Bxf3+ 27. Kxf3 b6 28. Ne4 Nxe4 29. Kxe4 Kd6+ 30. Kd4 c5+ 31. Kd3 Kc6
32. Rb2 a6 33. a4 Rb8 34. Kc3 b5 35. cxb5+ axb5 36. axb5+ Rxb5 37. Ra2 Rb7
38. Ra8 Kb6 39. Rh8 h6 40. Rg8 g6 41. Kc4 h5 42. Rc8 Ra7 43. Rb8+ Kc7 44.
Rf8 Kd6 45. Rd8+ Ke7 46. Rd2 Rc7 47. Rd5 Ra7 48. Rd2 Rc7 49. Rd5 Ra7 50. Rd2
Rc7 51. Rd5 Ra7 52. Rd2 Rc7 53. Rd5 {Game drawn by repetition} 1/2-1/2